 Dungeon Crawl Stone Soup version 0.23-a0-389-g4a5eb33 (webtiles) character file.

16 Cryolive the Digger (level 2, -3/15 HPs)
             Began as a Gargoyle Earth Elementalist on Oct 29, 2018.
             Slain by a hobgoblin (4 damage)
             ... on level 1 of the Dungeon.
             The game lasted 00:00:50 (578 turns).

Cryolive the Digger (Gargoyle Earth Elementalist)    Turns: 578, Time: 00:00:50

Health: -3/15      AC:  4    Str: 11    XL:     2   Next: 54%
Magic:  2/5        EV: 12    Int: 15    God:
Gold:   26         SH:  0    Dex: 10    Spells: 4/5 levels left

rFire    . . .     SeeInvis .   a - +0 hand axe
rCold    . . .     Gourm    .   (no shield)
rNeg     + . .     Faith    .   c - +0 robe
rPois    ∞         Spirit   .   (no helmet)
rElec    +         Reflect  .   (no cloak)
rCorr    .         Harm     .   (no gloves)
MR       .....                  (no boots)
Stlth    ++........             (no amulet)
HPRegen  0.05/turn              (no ring)
MPRegen  0.09/turn              (no ring)

@: no status effects
A: negative energy resistance 1, electricity resistance, unbreathing,
petrification resistance, rot immunity, AC +2
a: no special abilities


You were on level 1 of the Dungeon.
You were not hungry.

You visited 1 branch of the dungeon, and saw 1 of its levels.

You collected 26 gold pieces.

Inventory:

Hand Weapons
 a - a +0 hand axe (weapon)
Missiles
 b - 28 stones (quivered)
Armour
 c - a +0 robe (worn)
Potions
 e - a potion of flight {unknown}
Comestibles
 d - a ration


   Skills:
 - Level 1.5 Dodging
 - Level 2.1 Stealth
 + Level 2.4 Spellcasting
   Level 0.7 Transmutations
 + Level 4.1 Earth Magic


You had 4 spell levels left.
You knew the following spells:

 Your Spells              Type           Power        Failure   Level  Hunger
a - Sandblast             Erth           ##....       3%          1    #......

Your spell library contained the following spells:

 Spells                   Type           Power        Failure   Level  Hunger
 Passwall                 Tmut/Erth      #.......     12%         2    ###....
 Stone Arrow              Conj/Erth      #.....       26%         3    ###....
 Petrify                  Tmut/Erth      #.......     61%         4    #####..
 Lee's Rapid Deconstruct  Erth           ##........   71%         5    ######.


Dungeon Overview and Level Annotations

Branches:
Dungeon (1/15)

Altars:


Innate Abilities, Weirdness & Mutations

You are resistant to torment.
Your stone body is resilient. (AC +2)
You are immune to poison.
You resist negative energy. (rN+)
You are resistant to electric shocks. (rElec)
You can survive without breathing.
You are immune to petrification.
You are immune to rotting.


Message History

The hobgoblin misses you. The goblin hits you. The hobgoblin barely misses you.
Casting: Sandblast (safe; 3% risk of failure)
Confirm with . or Enter, or press ? or * to list all spells.
Aiming: Sandblast (safe; 3% risk of failure)
Press: ? - help, Shift-Dir - straight line, f - goblin
Aim: a goblin The blast of sand misses the goblin.
b - 29 stones The goblin hits you but does no damage.
The hobgoblin hits you.
* * * LOW HITPOINT WARNING * * *
Casting: Sandblast (safe; 3% risk of failure)
Confirm with . or Enter, or press ? or * to list all spells.
Aiming: Sandblast (safe; 3% risk of failure)
Press: ? - help, Shift-Dir - straight line, f/p - goblin
Aim: a goblin The blast of sand hits the goblin.
You kill the goblin!
b - 28 stones The hobgoblin hits you.
You die... .# .# #.# # ##.## .# ##...##.## # ........♣ .♣#♣### # . ###$......? ......) ##.#♣♣.♣ #..@g....# .♣#♣### ..♣.♣.♣ #.#..##### ♣PP.P

♣♣.#.#
♣♣P♣♣♣♣♣♣##.######
♣.P....♣♣....)...# ##
#..P♣.PP..♣♣##(####.#
##. #..gPPP...P♣ #)#
#.###.. ##♣♣PP...♣♣#
#.# #. .......
♣♣♣P♣.♣ #.# #.
#.###..


You could see a hobgoblin.

Vanquished Creatures
  A ball python (D:1)
  A bat (D:1)
  3 giant cockroaches (D:1)
  A goblin (D:1)
  2 hobgoblins (D:1)
  A frilled lizard (D:1)
  5 kobolds (D:1)
14 creatures vanquished.

Notes
Turn   | Place    | Note
-------+----------+-------------------------------------------
     0 | D:1      | Cryolive the Gargoyle Earth Elementalist began the quest
                  | for the Orb.
     0 | D:1      | Reached XP level 1. HP: 10/10 MP: 3/3
   482 | D:1      | Reached skill level 4 in Earth Magic
   482 | D:1      | Reached XP level 2. HP: 15/15 MP: 5/5
   578 | D:1      | Slain by a hobgoblin

Vault maps used:
D:1:      tarquinn_simple_flora_water_b, serial_forest,
          infiniplex_forest_corner_1, infiniplex_forest_straight_4,
          infiniplex_forest_lined_3_way, infiniplex_forest_3_way,
          infiniplex_forest_lined_4_way, infiniplex_forest_3_way,
          infiniplex_forest_clump_small, infiniplex_forest_lined_4_way

Skill      XL: |  1 |
---------------+----+-----
Earth Magic    | 4 |  4.1
Dodging        | |  1.5
Stealth        | |  2.1
Spellcasting   | |  2.4
Transmutations | |  0.7

Action                   || total
-------------------------++-------
Melee: Hand axe          ||    36
 Cast: Sandblast         ||     5
 Stab: Sleeping          ||     2
Armor: Robe              ||    16
Dodge: Dodged            ||    27

Table legend:
 A = Non-vault XP
 B = Vault XP
 C = Vault XP percentage of total XP
 D = Non-vault monster count
 E = Vault monster count
 F = Vault count percentage of total count
                 A         B        C        D         E       F
            +---------+---------+-------+---------+---------+-------
      Total |      23 |       0 |   0.0 |      14 |       0 |   0.0
            +---------+---------+-------+---------+---------+-------
        D:1 |      23 |       0 |   0.0 |      14 |       0 |   0.0
            +---------+---------+-------+---------+---------+-------
